 Dungeon Crawl Stone Soup version 0.30.0 (webtiles) character file.

Game seed: 14188459887702779320

308 60083410 the Chopper (level 5, 0/45 HPs)
             Began as a Demigod Fighter on May 15, 2023.
             Slain by an orc
             ... wielding a +0 club
              (4 damage)
             ... on level 3 of the Dungeon on May 17, 2023.
             The game lasted 00:06:41 (2785 turns).

60083410 the Chopper (Demigod Fighter)              Turns: 2785, Time: 00:06:42

Health: 0/45       AC:  2    Str: 21    XL:     5   Next: 94%
Magic:  7/7        EV: 11    Int: 10    God:
Gold:   77         SH:  5    Dex: 13    Spells: 4/4 levels left

rFire   . . .        a - +0 war axe
rCold   . . .        c - +0 buckler
rNeg    . . .        (no body armour)
rPois   .            h - +1 helmet
rElec   .            (no cloak)
rCorr   .            (no gloves)
SInv    .            (no boots)
Will    .....        (no amulet)
Stlth   +            (no ring)
HPRegen 0.27/turn    (no ring)
MPRegen 0.10/turn

%: no passive effects
@: no status effects
A: high MP 1, forlorn, divine attributes
a: no special abilities


You were on level 3 of the Dungeon.
You visited 1 branch of the dungeon, and saw 3 of its levels.

You collected 77 gold pieces.

Inventory:

Hand Weapons
 a - a +0 war axe (weapon)
Armour
 b - a +0 scale mail
 c - a +0 buckler (worn)
 h - a +1 helmet (worn)
Scrolls
 e - a scroll of noise {unknown}
 f - 2 scrolls of teleportation {unknown}
 g - a scroll of fear {unknown}
 i - 4 scrolls of identify {unknown}
 j - 3 scrolls of enchant armour {unknown}
 k - a scroll of immolation {unknown}
 p - 2 scrolls of fog {unknown}
 q - a scroll of poison {unknown}
Potions
 d - a potion of might
 m - a potion of degeneration {unknown}
 n - a potion of attraction {unknown}
 o - a potion of haste {unknown}
 r - a potion of mutation {unknown}
 s - a potion of invisibility {unknown}


   Skills:
 + Level 3.5 Fighting
 + Level 4.0 Axes
 + Level 3.6 Armour
 + Level 1.1 Dodging
 + Level 0.1 Stealth
 + Level 3.4 Shields


You had 4 spell levels left.
You didn't know any spells.
Your spell library contained the following spells:

 Spells                   Type           Power      Damage    Failure   Level
 Sting                    Tmut/Pois      0%         1d3       43%         1
 Ensorcelled Hibernation  Hex/Ice        0%         N/A       56%         2
 Passwall                 Tmut/Erth      0%         N/A       56%         2
 Poisonous Vapours        Pois/Air       0%         N/A       56%         2
 Swiftness                Air            0%         N/A       80%         3
 Vhi's Electric Charge    Tloc/Air       0%         N/A       80%         3
 Olgreb's Toxic Radiance  Pois           0%         N/A       99%         4
 Arcjolt                  Conj/Air       0%         1d10      100%        5
 Maxwell's Capacitive Co  Air            0%         ∞         100%        8


Dungeon Overview and Level Annotations

Branches:
Dungeon (3/15)


Innate Abilities, Weirdness & Mutations

You have an increased reservoir of magic. (+10% MP)
You shall have no god before yourself.
Your divine heritage dramatically boosts your attributes as you level up.


Message History

The quokka closely misses you. The quokka misses you.
You block the quokka's attack. You block the quokka's attack.
You block the quokka's attack. The quokka misses you.
You block the quokka's attack. You block the quokka's attack.
The quokka bites you. You block the quokka's attack. The quokka misses you.
The quokka bites you.
* * * LOW HITPOINT WARNING * * *
The quokka bites you.
* * * LOW HITPOINT WARNING * * *
The quokka misses you.
An orc comes into view. It is wielding a +0 club.
The quokka bites you.
* * * LOW HITPOINT WARNING * * *
The orc shouts!
The quokka bites you but does no damage.
The quokka bites you.
* * * LOW HITPOINT WARNING * * *
You block the quokka's attack. You block the quokka's attack.
The quokka barely misses you. x2
The quokka bites you but does no damage.
You block the quokka's attack. The orc closely misses you.
The quokka closely misses you. The orc barely misses you.
The quokka closely misses you. You block the orc's attack.
The quokka closely misses you. The orc hits you with a +0 club.
* * * LOW HITPOINT WARNING * * *
The quokka barely misses you. The orc hits you with a +0 club.
* * * LOW HITPOINT WARNING * * *
The quokka barely misses you. The quokka bites you.
* * * LOW HITPOINT WARNING * * *
You block the orc's attack. The quokka completely misses you.
The orc barely misses you. The quokka barely misses you.
The orc hits you with a +0 club.
You die...

.......#
.......# .#
.......# .#
.......# .#
≈≈.....#####
.#
.≈.........#
.#
.≈.....###.#
.# #
.≈.....# #.#
##o#.#
...#.###
#.#####@r..#
.≈.#.#
#.......#..#
.≈.#.#
######### .#
.≈.#.#
#....# #
≈≈.#.#
#.##.#
.....# #. .#
....## #. .#
##### #. ..
#. .?


You could see an orc and a quokka.

Vanquished Creatures
  A scorpion (D:3)
  An orc priest (D:3)
  An iguana (D:2)
  2 orc wizards (D:3)
  5 adders (D:2)
  4 worms
  3 dart slugs (D:1)
  10 orcs (D:3)
  6 ball pythons
  10 bats
  4 endoplasms (D:1)
  2 giant cockroaches
  5 goblins
  4 hobgoblins (D:2)
  4 jackals (D:2)
  2 frilled lizards (D:1)
  3 kobolds
  5 rats
72 creatures vanquished.

Vanquished Creatures (others)
  2 plants (D:1)
2 creatures vanquished.

Grand Total: 74 creatures vanquished

Notes
Turn   | Place    | Note
-------+----------+-------------------------------------------
     0 | D:1      | 60083410 the Demigod Fighter began the quest for the Orb.
     0 | D:1      | Reached XP level 1. HP: 18/18 MP: 3/3
   226 | D:1      | Reached XP level 2. HP: 25/25 MP: 4/4
   297 | D:1      | Reached skill level 2 in Axes
   983 | D:2      | Reached XP level 3. HP: 30/31 MP: 5/5
  1335 | D:2      | Reached XP level 4. HP: 26/38 MP: 6/6
  1528 | D:2      | Reached skill level 3 in Axes
  2220 | D:3      | Reached XP level 5. HP: 37/45 MP: 7/7
  2363 | D:3      | Reached skill level 1 in Dodging
  2591 | D:3      | Reached skill level 4 in Axes
  2785 | D:3      | Slain by an orc

Illustrated notes

Levels and vault maps discovered:
D:1:      onia_arrival_mini_spirals, layout_loops_ring, serial_forest,
          infiniplex_forest_fountain, infiniplex_forest_straight_4,
          infiniplex_forest_clump_curved, infiniplex_forest_zigzag_1,
          infiniplex_forest_clump_C, infiniplex_forest_clump_C,
          infiniplex_forest_end_3, infiniplex_forest_split,
          infiniplex_forest_lined_3_way
D:2:      layout_basic, serial_rivers, chequers_serial_rivers_small_3,
          chequers_serial_rivers_large_b, chequers_serial_rivers_micro_c,
          chequers_serial_rivers_micro_e
D:3:      layout_basic, mainiacjoe_overflow_brackets,
          hellmonk_ecumenical_altar_run_dry, serial_co_window_serial,
          co_window_paths_b, co_window_corner_a, co_window_corner_a,
          co_window_paths_b, co_window_paths_b, co_window_broadway_c,
          co_window_of_opportunity_b, co_window_2corner, glass_columns_a,
          glass_columns_a, glass_columns_b, glass_columns_a, patterned_corridor

Skill      XL: |  1  2  3  4  5 |
---------------+----------------+-----
Axes           | 2 3 4 |  4.0
Fighting       | 3 |  3.5
Armour         | 3 |  3.6
Shields        | 3 |  3.4
Dodging        | 1 |  1.1
Stealth        | |  0.1

Action                     |  1- 3 |  4- 6 || total
---------------------------+-------+-------++-------
  Melee: War axe           |   148 |   106 ||   254
    Use: Potion            |       |     1 ||     1
 Armour: Scale mail        |    94 |    75 ||   169
         Skin              |       |     6 ||     6
  Dodge: Dodged            |    95 |    84 ||   179
  Block: Buckler           |    39 |    51 ||    90
